 Dungeon Crawl Stone Soup version 0.30-a0-122-g2a1322497e (webtiles) character file.

Game seed: 3267059979782920354

1197 Dreamer the Shooter (level 8, -4/55 (61) HPs)
             Began as a Formicid Hunter on Sept 15, 2022.
             Slain by a wight
             ... wielding a +5 morningstar
              (10 damage)
             ... on level 5 of the Dungeon.
             The game lasted 00:28:50 (6581 turns).

Dreamer the Shooter (Formicid Hunter)               Turns: 6581, Time: 00:28:50

HP:   -4/55 (61)    AC: 10    Str: 17    XL:     8   Next: 72%
MP:   11/11         EV: 13    Int:  8    God:
Gold: 189           SH:  5    Dex: 19    Spells: 7/7 levels left

rFire   + . .      SeeInvis +    a - +0 shortbow
rCold   + . .      Faith    .    (no shield)
rNeg    . . .      Spirit   .    A - +3 ring mail {rC+}
rPois   .          Reflect  +    (helmet unavailable)
rElec   .          Harm     .    g - +0 cloak
rCorr   .          Rampage  .    (no gloves)
Will    .....                    (no boots)
Stlth   +++.......               j - amulet of reflection
HPRegen 0.18/turn                s - ring of protection from fire
MPRegen 0.12/turn                (no ring)

@: drained
A: permanent stasis, dig shafts and tunnels, antennae 3, four strong arms
a: Dig, Shaft Self


You were on level 5 of the Dungeon.
You visited 2 branches of the dungeon, and saw 8 of its levels.

You collected 394 gold pieces.
You spent 205 gold pieces at shops.

Inventory:

Hand Weapons
 a - a +0 shortbow (weapon)
Armour
 g - a +0 cloak (worn)
 A - a +3 ring mail of cold resistance (worn)
Jewellery
 c - a ring of wizardry
 j - an amulet of reflection (around neck)
 s - a ring of protection from fire (left hand)
Wands
 v - a wand of charming (8)
 B - a wand of acid (12)
 C - a wand of mindburst (16)
 D - a wand of roots (9)
Scrolls
 b - 2 scrolls of immolation
 d - 2 scrolls of magic mapping {unknown}
 f - a scroll of acquirement {unknown}
 k - a scroll of silence {unknown}
 l - a scroll of blinking {unknown}
 o - a scroll of butterflies {unknown}
 r - a scroll of fear {unknown}
 t - 4 scrolls of teleportation {unknown}
 u - 4 scrolls of noise {unknown}
 w - a scroll of enchant armour {unknown}
 x - 2 scrolls of enchant weapon
 y - a scroll of poison
Potions
 e - 3 potions of might
 h - 2 potions of brilliance
 i - a potion of ambrosia
 m - 2 potions of attraction
 n - a potion of heal wounds {unknown}
 p - a potion of cancellation {unknown}
 q - 4 potions of curing
 z - 2 potions of haste {unknown}


   Skills:
 + Level 4.4 Fighting
 * Level 5.6 Ranged Weapons
 + Level 3.9 Armour
 + Level 3.8 Dodging
 * Level 5.1 Stealth
 + Level 3.5 Shields
 + Level 4.1 Invocations


You had 7 spell levels left.
You didn't know any spells.
Your spell library contained the following spells:

 Spells                   Type           Power      Damage    Failure   Level
 Slow                     Hex            0%         N/A       58%         1
 Call Canine Familiar     Summ           0%         N/A       92%         3
 Confusing Touch          Hex            0%         N/A       92%         3
 Gell's Gravitas          Tloc           0%         N/A       92%         3
 Ignite Poison            Fire/Tmut/Pois 0%         N/A       92%         3
 Inner Flame              Hex/Fire       0%         N/A       92%         3
 Lesser Beckoning         Tloc           0%         N/A       92%         3
 Portal Projectile        Hex/Tloc       0%         N/A       92%         3
 Teleport Other           Tloc           0%         N/A       92%         3
 Vampiric Draining        Necr           0%         2d6       92%         3
 Animate Dead             Necr           0%         N/A       100%        4
 Cause Fear               Hex            0%         N/A       100%        4
 Leda's Liquefaction      Hex/Erth       0%         N/A       100%        4
 Manifold Assault         Tloc           0%         N/A       100%        4
 Sticky Flame             Conj/Fire      0%         2d3       100%        4
 Freezing Cloud           Conj/Ice/Air   0%         6-21      100%        5
 Dispersal                Tloc           0%         N/A       100%        6
 Simulacrum               Ice/Necr       0%         N/A       100%        6
 Haunt                    Necr/Summ      0%         N/A       100%        7
 Discord                  Hex            0%         N/A       100%        8
 Infestation              Necr           0%         N/A       100%        8
 Polar Vortex             Ice            0%         N/A       100%        9
 Blink                    Tloc           Unusable   N/A       N/A         2

Dungeon Overview and Level Annotations

Branches:
Dungeon (7/15)             Temple (1/1) D:5

Altars:
Elyvilon
Fedhas
Gozag
Kikubaaqudgha
Makhleb
Qazlal
Ru
Uskayaw
Wu Jian
Xom
Zin
The Shining One

Shops:
D:1 *   D:2 =   D:4 ?

Annotations:
D:7 Dowan, Duvessa, Joseph


Innate Abilities, Weirdness & Mutations

You cannot be hasted, slowed, berserked, paralysed or teleported.
You can dig through walls and to a lower floor.
You have a pair of large antennae on your head. (SInv)
Your four strong arms can wield two-handed weapons with a shield.


Message History

The wight hits you with a +5 morningstar!
The wight barely misses you.
You shoot an arrow. The arrow closely misses the wight.
The wight closely misses you.
You shoot an arrow. The arrow hits the wight.
The wight is heavily damaged.
The wight hits you with a +5 morningstar!
* * * LOW HITPOINT WARNING * * *
You feel drained.
* * * LOW HITPOINT WARNING * * *
You shoot an arrow. The arrow closely misses the wight.
The wight completely misses you. x2
Okay, then.
Unknown command.
Okay, then.
You feel better. The wight misses you. The wight barely misses you.
The wight attacks as you move away! The wight closely misses you.
There is an escape hatch in the ceiling, spattered with blood here.
The wight hits you with a +5 morningstar.
* * * LOW HITPOINT WARNING * * *
A mysterious force pulls you upwards. The hatch slams shut behind you.
You shoot an arrow.
The arrow hits the wight but does no damage.
The wight is heavily damaged.
The wight closely misses you.
You shoot an arrow. The arrow closely misses the wight.
You block the wight's attack.
You shoot an arrow. The arrow barely misses the wight.
The wight closely misses you.
You shoot an arrow. The arrow barely misses the wight.
The wight hits you with a +5 morningstar!
* * * LOW HITPOINT WARNING * * *
The wight hits you with a +5 morningstar.
* * * LOW HITPOINT WARNING * * *
You shoot an arrow.
The arrow hits the wight but does no damage.
The wight is heavily damaged.
The wight hits you with a +5 morningstar!
You die...

#............####
#................
#.....##......###
######...#.##.......##
#..........##.....#...
#..........[###.#..###
#...........###.#.....
#.....z.........#>...#
#....@...[..###.......
############...###.#...##
#..........#....##.#...#
#..........#...........#
#...............##.#)..##
#..........#.......#.....
#..........##...##.#.....
#..........##.#..........
#############......##...#


You could see a wight.

Vanquished Creatures
  Eustachio (D:5)
  Menkaure (D:4)
  An ice beast (D:7)
  A sky beast (D:6)
  An ogre (D:5)
  A centaur (D:6)
  A phantom (D:4)
  A scorpion (D:6)
  2 hounds
  3 orc priests
  A jelly (D:4)
  Jessica (D:2)
  2 iguanas
  2 orc wizards (D:5)
  Robin (D:1)
  7 adders
  A white imp (D:6)
  A worm (D:3)
  2 dart slugs (D:1)
  11 orcs
  5 endoplasms
  2 giant cockroaches
  6 hobgoblins
  8 jackals
  2 quokkas
  4 ball pythons
  3 bats (D:1)
  3 frilled lizards (D:2)
  11 goblins
  4 kobolds
  4 rats
94 creatures vanquished.

Vanquished Creatures (others)
  5 plants (D:6)
5 creatures vanquished.

Grand Total: 99 creatures vanquished

Notes
Turn   | Place    | Note
-------+----------+-------------------------------------------
     0 | D:1      | Dreamer the Formicid Hunter began the quest for the Orb.
     0 | D:1      | Reached XP level 1. HP: 16/16 MP: 1/1
   135 | D:1      | Reached XP level 2. HP: 23/23 MP: 2/2
   315 | D:1      | Reached skill level 1 in Invocations
   315 | D:1      | Reached XP level 3. HP: 28/28 MP: 3/3
   441 | D:1      | Reached skill level 1 in Armour
   473 | D:1      | Found Uhehompa's Assorted Antiques.
   483 | D:1      | Bought a scroll labelled ZERYCI AJ AZUM for 25 gold pieces
   483 | D:1      | Bought a scroll labelled VUMIEL NONU for 25 gold pieces
   679 | D:2      | Found Atoejuwn's Jewellery Boutique.
   742 | D:2      | Noticed Robin
  1022 | D:1      | Killed Robin
  1023 | D:1      | Reached XP level 4. HP: 24/34 MP: 3/5
  1221 | D:2      | Noticed Jessica
  1233 | D:2      | Killed Jessica
  1649 | D:3      | Found an ornate altar of the Wu Jian Council.
  1718 | D:3      | Reached XP level 5. HP: 41/41 MP: 6/6
  2179 | D:3      | Found a glowing silver altar of Zin.
  2523 | D:3      | Reached XP level 6. HP: 47/47 MP: 7/7
  2799 | D:4      | Noticed Menkaure
  2899 | D:4      | Killed Menkaure
  2900 | D:4      | Reached skill level 1 in Shields
  3095 | D:4      | Found Guan's Magic Scroll Emporium.
  3106 | D:4      | Bought a scroll of identify for 20 gold pieces
  3106 | D:4      | Bought a scroll of identify for 20 gold pieces
  3106 | D:4      | Bought a scroll of enchant weapon for 75 gold pieces
  3106 | D:4      | Bought a scroll of poison for 40 gold pieces
  3326 | D:4      | Reached XP level 7. HP: 42/52 MP: 9/9
  3511 | D:5      | Entered Level 5 of the Dungeon
  3511 | D:5      | Found a staircase to the Ecumenical Temple.
  3520 | D:5      | Noticed a two-headed ogre
  3679 | D:5      | Identified the +7 mace "Jekhlar" {drain, Will+ Stlth+}
  3689 | D:5      | Noticed Eustachio
  3758 | D:5      | Killed Eustachio
  3759 | D:5      | Reached skill level 5 in Ranged Weapons
  3829 | Temple   | Entered the Ecumenical Temple
  4201 | D:4      | Reached XP level 8. HP: 48/60 MP: 10/10
  4933 | D:6      | Found a sacrificial altar of Ru.
  4934 | D:6      | Found an opulent altar of Gozag.
  5125 | D:6      | Found a blossoming altar of Fedhas.
  5641 | D:6      | Found a hide-covered altar of Uskayaw.
  5957 | D:6      | Reached skill level 5 in Stealth
  6178 | D:7      | Noticed Duvessa
  6186 | D:7      | Noticed Dowan
  6321 | D:7      | Noticed Joseph
  6581 | D:5      | Slain by a wight

Illustrated notes

Levels and vault maps discovered:
D:1:      eino_arrival_water_cross, layout_basic, serial_shops,
          nicolae_shop_hallway_plus
D:2:      layout_rooms, serial_shops, nicolae_shop_waterfront,
          bh_walls_and_bars, uniq_jessica, uniq_robin
D:3:      layout_loops_cross, zin_academy, nzn_wu_jian_contemplation
D:4:      layout_rooms, serial_shops, shop, uniq_menkaure
D:5:      layout_rooms, minmay_temple_entry_arrows, uniq_eustachio
D:6:      layout_basic, mainiacjoe_overflow_paths, mainiacjoe_overflow_chevrons,
          mainiacjoe_overflow_divided_tiny
D:7:      layout_loops_ring, nicolae_yredelemnul_corpse_copse,
          cheibrodos_ashenzari_chains, amcnicky_altar_gilded,
          uniq_crazy_yiuf_cottage, uniq_joseph, uniq_duvessa
Temple:   nicolae_temple_bog_church

Skill      XL: |  1  2  3  4  5  6  7  8 |
---------------+-------------------------+-----
Invocations    | 1 2 3 4 |  4.1
Dodging        | 2 3 |  3.8
Armour         | 1 2 3 |  3.9
Stealth        | 2 3 4 5 |  5.1
Fighting       | 3 4 |  4.4
Shields        | 1 2 3 |  3.5
Ranged Weapons | 5 |  5.6

Action                   |  1- 3 |  4- 6 |  7- 9 || total
-------------------------+-------+-------+-------++-------
 Fire: Shortbow          |    79 |   123 |   233 ||   435
 Abil: Dig               |     1 |       |       ||     1
  Use: Scroll            |     2 |     3 |     1 ||     6
       Potion            |       |       |     1 ||     1
Armor: Ring mail         |    16 |    16 |    81 ||   113
       Leather armour    |       |     6 |       ||     6
Dodge: Dodged            |    39 |    38 |   101 ||   178
Block: Other             |    11 |    15 |    49 ||    75
       Reflection        |       |       |     1 ||     1

Table legend: (Time is in decaauts)
 A = Elapsed time spent in this place.
 B = Non-inter-level travel time spent in this place.
 C = Inter-level travel time spent in this place.
 D = Time resting spent in this place.
 E = Time spent auto-exploring this place.
 F = Levels seen in this place.
 G = Mean time per level.
                   A        B        C        D        E       F      G
               +--------+--------+--------+--------+--------+-----+--------+
         Total |   6763 |   6618 |    145 |   1500 |   3231 |   8 |  845.4 |
       Dungeon |   6546 |   6401 |    145 |   1500 |   3053 |   7 |  935.1 |
        Temple |    217 |    217 |      0 |      0 |    178 |   1 |  217.0 |
               +--------+--------+--------+--------+--------+-----+--------+

Top non-repeatable levels by time:
     D:5: 1331 daAuts
     D:6: 1322 daAuts
     D:3: 1079 daAuts
     D:4: 1036 daAuts
     D:1: 965 daAuts
     D:2: 703 daAuts
  Temple: 217 daAuts
     D:7: 107 daAuts
